 Dungeon Crawl Stone Soup version 0.30-a0-715-gdb4ae3ece1 (webtiles) character file.

Game seed: 6532786694544896437

8706 Pooter the Cleaver (level 11, -2/99 HPs)
             Began as a Minotaur Fighter on Jan 24, 2023.
             Was a Priest of Okawaru.
             Slain by a death knight
             ... wielding a +0 battleaxe
              (16 damage)
             ... on level 10 of the Dungeon.
             The game lasted 00:56:44 (11461 turns).

Pooter the Cleaver (Minotaur Fighter)              Turns: 11461, Time: 00:56:45

Health: -2/99      AC: 13    Str: 25    XL:     11   Next: 13%
Magic:  13/15      EV: 15    Int:  5    God:    Okawaru [***...]
Gold:   85         SH:  0    Dex: 10    Spells: 10/10 levels left

rFire   . . .      SeeInvis .    a - +7 war axe (heavy)
rCold   . . .      Faith    .    (no shield)
rNeg    . . .      Spirit   .    k - +0 chain mail
rPois   +          Reflect  .    D - +2 hat {Will+}
rElec   .          Harm     .    K - scarf {repulsion}
rCorr   .          Rampage  .    (no gloves)
Will    +....                    (no boots) Stlth
                                 (no amulet)
HPRegen 0.36/turn                p - +5 ring of evasion
MPRegen 0.14/turn                P - ring of poison resistance

@: heroic, repel missiles
A: horns 2, retaliatory headbutt
a: Renounce Religion, Heroism


You were on level 10 of the Dungeon.
You worshipped Okawaru.
Okawaru was most pleased with you.
You visited 1 branch of the dungeon, and saw 10 of its levels.

You collected 761 gold pieces.
You spent 676 gold pieces at shops.

Inventory:

Hand Weapons
 a - a +7 heavy war axe (weapon)
   (You bought it in a shop on level 7 of the Dungeon)
 b - a +0 longbow
   (You found it on level 5 of the Dungeon)
 m - a +0 dire flail
   (You found it on level 1 of the Dungeon)
 A - a +4 halberd
   (You took it off a wight on level 10 of the Dungeon)
 F - a +2 battleaxe of freezing
   (You took it off a wight on level 10 of the Dungeon)
 T - the +6 trident "Ryf Emi" {freeze, *Noise rPois Will+}
   (You took it off a wight on level 10 of the Dungeon)

   rPois:     It protects you from poison.
   *Noise:    It may make noises in combat.
   Will:      It increases your willpower.
 U - a +5 demon trident
   (You took it off Urug on level 10 of the Dungeon)
Missiles
 i - 5 javelins
 j - 13 boomerangs (quivered)
 y - 3 throwing nets {!f}
 N - an atropa-tipped dart
 Q - 136 stones
 S - 24 poisoned darts
Armour
 c - a +0 buckler
 k - a +0 chain mail (worn)
   (You found it on level 1 of the Dungeon)
 D - a +2 hat of willpower (worn)
   (You found it on level 8 of the Dungeon)
 K - a scarf of repulsion (worn)
   (You found it on level 8 of the Dungeon)
 V - a +0 chain mail
   (You took it off Urug on level 10 of the Dungeon)
Jewellery
 p - a +5 ring of evasion (left hand)
   (You found it on level 3 of the Dungeon)
 C - a ring of resist corrosion
   (You found it on level 6 of the Dungeon)
 P - a ring of poison resistance (right hand)
   (You found it on level 5 of the Dungeon)
 W - a ring of wizardry
   (You found it on level 5 of the Dungeon)
Wands
 f - a wand of flame (32)
   (You found it on level 6 of the Dungeon)
 M - a wand of mindburst (7)
   (You took it off a centaur on level 8 of the Dungeon)
Scrolls
 d - a scroll of silence
 h - 3 scrolls of enchant armour
 l - a scroll of amnesia
 q - a scroll of poison {!r}
 u - a scroll of vulnerability {!r}
 B - a scroll of noise {!r}
 I - a scroll of blinking
 O - a scroll of fear
 R - a scroll of fog
Potions
 e - 3 potions of resistance
 g - 5 potions of heal wounds {@q2}
 n - 3 potions of magic
 o - 2 potions of invisibility
 r - 3 potions of might
 s - a potion of brilliance {unknown}
 v - 2 potions of attraction {!q}
 w - 5 potions of mutation {!q}
 x - a potion of cancellation
 z - 6 potions of curing {@q1}
 E - a potion of haste {@q3}
 H - a potion of lignification {unknown}
 J - 2 potions of flight
 L - a potion of berserk rage {unknown}


   Skills:
 + Level 10.0(15.0) Fighting
 * Level 13.2(18.4) Axes
 - Level 3.5(14.3) Maces & Flails
 + Level 7.8(12.8) Ranged Weapons
 - Level 3.6(8.6) Armour
 - Level 1.9(6.9) Stealth
 - Level 3.6(8.6) Shields
 + Level 7.2 Invocations


You had 10 spell levels left.
You didn't know any spells.
Your spell library contained the following spells:

 Spells                   Type           Power      Damage    Failure   Level
 Kiss of Death            Conj/Necr      0%         2d5       96%         1
 Blink                    Tloc           0%         N/A       99%         2
 Ensorcelled Hibernation  Hex/Ice        0%         N/A       99%         2
 Lesser Beckoning         Tloc           0%         N/A       99%         2
 Momentum Strike          Conj/Tloc      0%         3d8       99%         2
 Passwall                 Tmut/Erth      0%         N/A       99%         2
 Confusing Touch          Hex            0%         N/A       100%        3
 Ignite Poison            Fire/Tmut/Pois 0%         N/A       100%        3
 Inner Flame              Hex/Fire       0%         N/A       100%        3
 Swiftness                Air            0%         N/A       100%        3
 Anguish                  Hex/Necr       0%         N/A       100%        4
 Dispel Undead            Necr           0%         3d6       100%        4
 Flame Wave               Conj/Fire      0%         2d4       100%        4
 Sticky Flame             Conj/Fire      0%         2d3       100%        4
 Conjure Ball Lightning   Conj/Air       0%         3x3d6     100%        6
 Enfeeble                 Hex            0%         N/A       100%        7
 Discord                  Hex            0%         N/A       100%        8
 Disjunction              Tloc           0%         N/A       100%        8
 Ignition                 Fire           0%         3d3       100%        8


Dungeon Overview and Level Annotations

Branches:
Dungeon (10/15)            Temple (0/1) D:6
   Lair: D:8-11         Orc: D:9-12

Altars:
Cheibriados
Kikubaaqudgha
Nemelex Xobeh
Okawaru
Qazlal
Trog
Xom
Yredelemnul

Shops:
D:7 (   D:9 ?([[!

Annotations:
D:3 3 runed translucent doors, OTABOTABOTAB's ghost, amateur KoHu
D:7 2 transporters, Grum; testman's ghost, novice DsNe


Innate Abilities, Weirdness & Mutations

You have a pair of horns on your head.
You reflexively headbutt those who attack you in melee.


Message History

* * * LOW HITPOINT WARNING * * *
As you read the scroll of teleportation {@r4}, it crumbles to dust.
You feel strangely unstable.
The death knight hits you with a +0 battleaxe.
* * * LOW HITPOINT WARNING * * *
The brown ugly thing stings you.
* * * LOW HITPOINT WARNING * * *
You are splashed with acid!
* * * LOW HITPOINT WARNING * * *
You hit the death knight.
You punch the death knight, but do no damage.
You slice the brown ugly thing!!
You kill the brown ugly thing!
Okawaru accepts your kill. The death knight closely misses you.
Your base Fighting skill increases to level 10!
You closely miss the death knight.
The death knight hits you with a +0 battleaxe!
* * * LOW HITPOINT WARNING * * *
Unknown command.
You closely miss the death knight.
The death knight hits you with a +0 battleaxe!
* * * LOW HITPOINT WARNING * * *
Unknown command.
You completely miss the death knight. Your headbutt misses the death knight.
Your surroundings suddenly seem different.
You feel like a meek peon again.
You are no longer corroded.
You start resting.
You start waiting.
A death knight is nearby!
Aim: a death knight, wielding a +0 battleaxe and wearing a +0 chain mail (wandering, hasn't noticed you, 71% to hit)
The bolt of dispelling energy hits the death knight.
The death knight shouts!
The death knight mumbles some strange prayers to Yredelemnul against you.
Your body is wracked with pain!
Aim: a death knight, wielding a +0 battleaxe and wearing a +0 chain mail (lightly wounded, 71% to hit)
The bolt of dispelling energy hits the death knight!
The now-empty wand crumbles to dust.
The death knight offers itself to Yredelemnul, and fills with unholy energy.
Aim: a death knight, wielding a +0 battleaxe and wearing a +0 chain mail (lightly wounded, reflecting injuries, chance to affect: 16%)
Okay, then.
You gain the combat prowess of a mighty hero.
The death knight hits you with a +0 battleaxe!
* * * LOW HITPOINT WARNING * * *
You slice the death knight!!
The death knight reflects your damage back at you!
* * * LOW HITPOINT WARNING * * *
The death knight hits you with a +0 battleaxe!
You die...

.......##....#######.....#..#####
.......###...#P...P#.#.#..###.#..
.....### #...#.###.#.#.#.##..##.#
#....#####...#.'/#.'...#.##...#..
##.#.##.##...#.###p#.#...##.##...
.#...........#....P#.#.#[#..#.#.#
###..........#######.#.#..)..#..#
.#.†.##...............#.#...##..#
.....##......#.#@####..#.#..#..#.
.............##p#.#.#...#.#.###..
.....##............#####.#)#####.
....###......####...##.#.#.#.###.
....###.......##.####..##.##..#.#
.....................#.#.#.......
.............###+###.#.#.#.######
..##.###.....# #..#....#P...P
..#..##......# #....##.#.###.


You could see a death knight (reflects damage).

Vanquished Creatures
  Urug (D:10)
  An ugly thing (D:10)
  A kobold demonologist (D:9)
  3 trolls (D:10)
  A meliai (D:10)
  A hornet (D:8)
  A shadow (D:10)
  A vampire (D:9)
  4 yaks (D:10)
  A wyvern (D:9)
  A wraith (D:9)
  A basilisk (D:10)
  2 steam dragons
  An acid dragon (D:9)
  2 water moccasins
  2 orc warriors (D:8)
  2 sky beasts
  2 black bears
  2 ice beasts
  5 centaurs
  A kobold brigand (D:6)
  2 phantoms
  3 bullfrogs
  6 scorpions
  2 gnoll sergeants (D:10)
  14 wights
  A necrophage (D:6)
  16 killer bees
  3 howler monkeys
  2 quasits (D:4)
  2 jellies
  3 orc priests
  3 hounds
  2 gnoll boudas (D:4)
  An iguana (D:5)
  3 orc wizards
  28 gnolls
  10 adders
  3 shadow imps (D:4)
  3 white imps
  4 ufetubi
  2 dart slugs
  13 orcs
  7 bats
  12 endoplasms
  3 giant cockroaches
  9 goblins
  8 hobgoblins
  10 jackals
  4 quokkas
  8 ball pythons
  5 frilled lizards
  9 kobolds
  6 rats
243 creatures vanquished.

Vanquished Creatures (others)
  3 demonic plants (D:4)
  7 plants
10 creatures vanquished.

Grand Total: 253 creatures vanquished

Notes
Turn   | Place    | Note
-------+----------+-------------------------------------------
     0 | D:1      | Pooter the Minotaur Fighter began the quest for the Orb.
     0 | D:1      | Reached XP level 1. HP: 19/19 MP: 0/0
   106 | D:1      | Reached XP level 2. HP: 27/27 MP: 1/1
   164 | D:1      | You fall into a shaft and drop 1 floor!
   171 | D:2      | Reached skill level 1 in Stealth
   178 | D:2      | Reached skill level 3 in Axes
   187 | D:2      | Reached XP level 3. HP: 23/33 MP: 2/2
   903 | D:2      | Found a faded altar of an unknown god.
   908 | D:2      | Prayed at the altar of an unknown god.
   908 | D:2      | Became a worshipper of Warmaster Okawaru
   908 | D:2      | Reached * piety under Okawaru
  1448 | D:1      | Reached XP level 4. HP: 40/40 MP: 3/3
  2021 | D:3      | Reached skill level 4 in Axes
  2029 | D:3      | Found a bloodstained altar of Trog.
  2037 | D:3      | Found a shimmering altar of Xom.
  2040 | D:3      | Found a sparkling altar of Nemelex Xobeh.
  2040 | D:3      | Found a stormy altar of Qazlal.
  2175 | D:3      | Noticed a scorpion
  2183 | D:3      | Killed a scorpion
  2184 | D:3      | Reached skill level 1 in Maces & Flails
  2184 | D:3      | Reached XP level 5. HP: 45/47 MP: 1/4
  2381 | D:3      | Found a runed translucent gate.
  2382 | D:3      | Found a runed translucent gate.
  2383 | D:3      | Found a runed translucent gate.
  2384 | D:3      | Noticed OTABOTABOTAB's ghost (amateur KoHu)
  2992 | D:4      | Reached skill level 5 in Axes
  3016 | D:4      | Reached skill level 5 in Fighting
  3023 | D:4      | Reached XP level 6. HP: 32/56 MP: 2/5
  3214 | D:4      | Reached skill level 6 in Axes
  3459 | D:4      | Reached XP level 7. HP: 54/61 MP: 3/6
  3990 | D:4      | Reached skill level 1 in Invocations
  4100 | D:5      | Entered Level 5 of the Dungeon
  4110 | D:5      | Reached skill level 7 in Axes
  4451 | D:5      | Reached ** piety under Okawaru
  4562 | D:5      | Reached XP level 8. HP: 70/71 MP: 9/9
  4702 | D:5      | Reached skill level 8 in Axes
  4702 | D:5      | Reached skill level 1 in Ranged Weapons
  5486 | D:6      | Found a staircase to the Ecumenical Temple.
  5502 | D:6      | Reached skill level 9 in Axes
  6113 | D:7      | Found a transporter.
  6215 | D:7      | Reached *** piety under Okawaru
  6216 | D:7      | Reached XP level 9. HP: 38/79 MP: 9/11
  6477 | D:7      | Noticed Grum
  6483 | D:7      | Found a transporter.
  6483 | D:7      | Identified the ring of Vagadegamy {rPois rN++ Will+ Dex-3
                  | SInv}
  6517 | D:7      | Noticed testman's ghost (novice DsNe)
  6663 | D:7      | Found Girghi's Antique Weapon Shoppe.
  6683 | D:7      | Reached skill level 5 in Ranged Weapons
  6763 | D:7      | Bought a glowing war axe for 182 gold pieces
  6867 | D:7      | Identified the +7 spear of Juudgheith {pain, rPois Int+2}
  6901 | D:7      | Reached skill level 10 in Axes
  7198 | D:8      | Reached skill level 5 in Invocations
  8055 | D:8      | Reached skill level 11 in Axes
  8258 | D:8      | Reached XP level 10. HP: 49/90 MP: 13/13
  8264 | D:8      | Reached **** piety under Okawaru
  8736 | D:9      | Found Oturaq's Distillery.
  8741 | D:9      | Bought a potion of curing for 36 gold pieces
  8741 | D:9      | Bought a potion of might for 48 gold pieces
  8741 | D:9      | Bought a potion of invisibility for 96 gold pieces
  8741 | D:9      | Bought a potion of mutation for 96 gold pieces
  8741 | D:9      | Bought a potion of curing for 36 gold pieces
  9029 | D:9      | Found Xumo's Armour Shop.
  9225 | D:9      | Found a basalt altar of Yredelemnul.
  9225 | D:9      | Found an ancient bone altar of Kikubaaqudgha.
  9230 | D:9      | Found a snail-covered altar of Cheibriados.
  9242 | D:9      | Found Rereemy's Weapon Shoppe.
  9270 | D:9      | Found Duoged's Magic Scroll Shop.
  9322 | D:9      | Bought a scroll of identify for 28 gold pieces
  9322 | D:9      | Bought a scroll of identify for 28 gold pieces
  9435 | D:9      | Found Townicyj's Antique Armour Boutique.
  9818 | D:9      | Bought a scroll of fog for 56 gold pieces
  9913 | D:10     | Entered Level 10 of the Dungeon
  9940 | D:10     | Reached skill level 12 in Axes
 10220 | D:10     | Identified the +6 trident "Ryf Emi" {freeze, *Noise rPois
                  | Will+}
 10373 | D:10     | Received a gift from Okawaru
 10568 | D:9      | Bought a scroll of teleportation for 42 gold pieces
 10719 | D:9      | Bought a scroll of identify for 28 gold pieces
 10772 | D:10     | Noticed Urug
 10779 | D:10     | Killed Urug
 10820 | D:10     | Reached XP level 11. HP: 89/99 MP: 6/15
 10825 | D:10     | Reached skill level 13 in Axes
 11123 | D:10     | Noticed a brown ugly thing
 11125 | D:10     | Noticed a death knight
 11130 | D:10     | Killed a brown ugly thing
 11131 | D:10     | Reached skill level 10 in Fighting
 11461 | D:10     | Slain by a death knight

Illustrated notes

Levels and vault maps discovered:
D:1:      dpeg_arrival_pond, layout_basic, minmay_quantized
D:2:      layout_basic, ebering_ecumenical_altar_box, roderic_roman_lattice
D:3:      layout_basic, mainiacjoe_overflow_brackets,
          chequers_temple_overflow_statue_of_worship, ebering_ghost_rock_garden,
          minmay_bisected, uniq_crazy_yiuf_cottage
D:4:      layout_gridville, serial_demonic, serial_demonic_e, serial_demonic_f,
          serial_demonic_g, serial_demonic_c, serial_demonic_f
D:5:      layout_loops_cross
D:6:      layout_loops_ring, minmay_temple_entry_sparse_star,
          nicolae_concentric_dashed_squares_mild, minmay_misc_feat_plants
D:7:      layout_loops_ring, serial_shops, nicolae_shop_statue_plus,
          gammafunk_ghost_gnarly_gnolls, grunt_ministairs_4
D:8:      minmay_spotlight, layout_basic, minivault_11
D:9:      layout_stronghold, gammafunk_temple_overflow_forgotten, serial_shops,
          nicolae_shop_waterfront, shop, shop, nicolae_shop_hallway_plus, shop
D:10:     layout_cave_pools, minmay_shattered_shrine, uniq_urug

Skill      XL: |  1  2  3  4  5  6  7  8  9 10 11 |
---------------+----------------------------------+-----
Stealth        | 1 |  1.9
Axes           | 3 4 5 6 7 9 11 12 13 | 13.2
Fighting       | 4 5 6 7 8 9 10 | 10.0
Maces & Flails | 1 2 3 |  3.5
Invocations    | 3 4 5 7 |  7.2
Ranged Weapons | 4 6 7 |  7.8
Armour         | |  3.6
Shields        | |  3.6

Action                     |  1- 3 |  4- 6 |  7- 9 | 10-12 || total
---------------------------+-------+-------+-------+-------++-------
  Melee: War axe           |    73 |    40 |   116 |    98 ||   327
         Headbutt          |     4 |    14 |    34 |    21 ||    73
         Dire flail        |       |    76 |    88 |       ||   164
         Punch             |       |       |     2 |     2 ||     4
         Demon trident     |       |       |       |    13 ||    13
   Fire: Longbow           |       |       |    59 |    21 ||    80
         Shortbow          |       |       |     3 |       ||     3
  Throw: Boomerang         |       |    10 |     8 |     1 ||    19
         Dart              |       |       |    19 |       ||    19
         Throwing net      |       |       |     1 |       ||     1
 Invoke: Heroism           |       |     4 |     9 |    12 ||    25
         Finesse           |       |       |       |     2 ||     2
  Evoke: Wand              |       |       |     2 |    10 ||    12
    Use: Potion            |     1 |       |       |       ||     1
         Scroll            |       |     6 |     7 |    12 ||    25
 Armour: Scale mail        |    33 |       |       |       ||    33
         Chain mail        |       |    95 |    86 |    52 ||   233
  Dodge: Dodged            |    30 |   148 |   182 |   115 ||   475
         Repelled          |       |       |       |     1 ||     1
  Block: Buckler           |    19 |       |       |       ||    19

Table legend: (Time is in decaauts)
 A = Elapsed time spent in this place.
 B = Non-inter-level travel time spent in this place.
 C = Inter-level travel time spent in this place.
 D = Time resting spent in this place.
 E = Time spent auto-exploring this place.
 F = Levels seen in this place.
 G = Mean time per level.
                   A        B        C        D        E       F      G
               +--------+--------+--------+--------+--------+-----+--------+
         Total |  11558 |  11057 |    501 |   1995 |   7023 |  10 | 1155.8 |
       Dungeon |  11558 |  11057 |    501 |   1995 |   7023 |  10 | 1155.8 |
               +--------+--------+--------+--------+--------+-----+--------+

Top non-repeatable levels by time:
     D:8: 1700 daAuts
     D:9: 1614 daAuts
    D:10: 1198 daAuts
     D:4: 1151 daAuts
     D:1: 1074 daAuts
     D:3: 1065 daAuts
     D:6: 1046 daAuts
     D:5: 941 daAuts
     D:2: 885 daAuts
     D:7: 878 daAuts
